Map: Sequencer LE

Players

Keysersoze - Winner!

  • Race: Protoss Protoss
  • League: Silver
  • Spawn Location: 1:00

Salvite

  • Race: Protoss Protoss
  • Spawn Location: 7:00

VOD

Have the link to the VOD?

Description

Time

  • Played on: June 2, 2017, 1:56 a.m.
  • Length: 14:45
Show
View Real Time Build Order
Export as new Build Order

Keysersoze Protoss - Winner!

Build Orders:  

Get SALT Encoding   

  12  0:02  Probe (Chrono Boost)  
  13  0:17  Pylon  
  13  0:19  Probe (Chrono Boost)  
  14  0:30  Probe (Chrono Boost)  
  15  0:40  Gateway  
  15  0:42  Probe (Chrono Boost)  
  16  0:52  Forge  
  16  0:55  Probe (Chrono Boost)  
  17  1:04  Pylon  
  17  1:09  Assimilator  
  17  1:13  Probe (Chrono Boost)  
  18  1:24  Probe (Chrono Boost)  
  19  1:34  Cybernetics Core  
  19  1:40  Photon Cannon  
  19  1:47  Assimilator  
  19  1:51  Pylon  
  20  1:54  Probe (Chrono Boost)  
  20  2:05  Probe (Chrono Boost)  
  21  2:09  Zealot  
  23  2:17  Warp Gate  
  23  2:22  Photon Cannon  
  23  2:26  Probe (Chrono Boost)  
  24  2:33  Zealot  
  26  2:44  Probe (Chrono Boost)  
  28  3:01  Mothership Core (Chrono Boost)  
  28  3:06  Stalker  
  28  3:09  Nexus  
  30  3:17  Gateway  
  30  3:23  Probe (Chrono Boost)  
  31  3:30  Pylon  
  32  3:35  Probe (Chrono Boost)  
  32  3:39  Stalker  
  32  3:47  Probe (Chrono Boost)  
  35  3:51  Stargate  
  35  4:02  Photon Cannon  
  35  4:07  Zealot  
  37  4:15  Pylon  
  37  4:24  Gateway  
  37  4:27  Probe (Chrono Boost)  
  38  4:37  Probe (Chrono Boost)  
  39  4:40  Photon Cannon  
  39  4:50  Protoss Ground Weapons Level 1  
  37  4:57  Stalker  
  39  5:03  Oracle  
  42  5:07  Probe (Chrono Boost)  
  42  5:12  Pylon  
  43  5:21  Stargate  
  43  5:25  Pylon  
  43  5:32  Probe (Chrono Boost)  
  43  5:34  Stalker  
  46  5:35  Zealot  
  48  5:45  Photon Cannon  
  49  5:50  Probe (Chrono Boost)  
  49  5:52  Oracle  
  52  6:02  Gateway  
  52  6:09  Probe (Chrono Boost)  
  53  6:13  Assimilator  
  53  6:16  Photon Cannon  
  53  6:19  Probe (Chrono Boost)  
  53  6:24  Oracle  
  57  6:32  Twilight Council  
  57  6:33  Pylon  
  57  6:36  Probe (Chrono Boost)  
  58  6:41  Stalker  
  61  6:47  Probe (Chrono Boost)  
  61  6:58  Photon Cannon  
  61  7:05  Probe (Chrono Boost)  
  58  7:13  Dark Shrine  
  57  7:15  Probe (Chrono Boost)  
  57  7:17  Pylon  
  56  7:30  Oracle  
  58  7:42  Stalker  
  58  7:46  Zealot  
  58  7:47  Zealot  
  58  7:48  Zealot  
  60  7:56  Probe (Chrono Boost)  
  54  8:06  Probe (Chrono Boost)  
  54  8:13  Zealot  
  54  8:17  Probe (Chrono Boost), Zealot  
  54  8:19  Void Ray  
  63  8:22  Oracle  
  66  8:28  Probe (Chrono Boost)  
  65  8:38  Probe (Chrono Boost), Dark Templar  
  44  9:15  Dark Templar  
  46  9:30  Mothership Core (Chrono Boost)  
  46  9:46  Pylon  
  46  9:59  Dark Templar  
  39  10:39  Dark Templar  
  28  11:54  Nexus  
  28  12:46  Nexus  
  28  13:40  Probe (Chrono Boost)  
  29  13:51  Probe (Chrono Boost)  
  30  14:02  Probe (Chrono Boost)  
  31  14:12  Probe (Chrono Boost)  
  32  14:21  Probe (Chrono Boost)  
  32  14:23  Probe (Chrono Boost)  
Show
View Real Time Build Order
Export as new Build Order

Salvite Protoss 

Build Orders:  

Get SALT Encoding   

  12  0:01  Probe (Chrono Boost)  
  13  0:15  Pylon  
  13  0:17  Probe (Chrono Boost)  
  14  0:27  Probe (Chrono Boost)  
  15  0:38  Probe (Chrono Boost), Gateway  
  16  0:49  Probe (Chrono Boost)  
  17  0:57  Pylon  
  17  1:04  Assimilator  
  17  1:07  Probe (Chrono Boost)  
  18  1:17  Probe (Chrono Boost)  
  19  1:27  Cybernetics Core  
  19  1:35  Probe (Chrono Boost)  
  20  1:43  Pylon  
  20  1:46  Assimilator  
  20  1:48  Probe (Chrono Boost)  
  21  1:59  Probe (Chrono Boost)  
  22  2:04  Warp Gate  
  22  2:14  Probe (Chrono Boost)  
  23  2:17  Adept  
  25  2:26  Mothership Core (Chrono Boost)  
  27  2:39  Nexus  
  26  3:01  Adept  
  28  3:09  Probe (Chrono Boost)  
  29  3:19  Probe (Chrono Boost)  
  30  3:28  Adept  
  30  3:30  Gateway  
  32  3:39  Pylon  
  32  3:41  Pylon  
  32  3:45  Pylon  
  32  3:54  Probe x2 (Chrono Boost)  
  34  4:17  Gateway  
  34  4:19  Gateway  
  34  4:21  Probe x2 (Chrono Boost), Gateway  
  34  4:23  Gateway  
  36  4:38  Robotics Facility  
  30  5:01  Stalker  
  32  5:18  Stalker x3  
  38  5:23  Probe (Chrono Boost)  
  38  5:24  Probe (Chrono Boost)  
  40  5:31  Stalker x2  
  40  5:32  Stalker  
  40  5:33  Probe (Chrono Boost)  
  40  5:35  Probe (Chrono Boost)  
  48  5:47  Warp Prism  
  50  5:57  Pylon  
  50  6:00  Pylon  
  50  6:05  Assimilator, Probe x2 (Chrono Boost)  
  50  6:08  Assimilator  
  52  6:15  Probe x2 (Chrono Boost)  
  54  6:31  Nexus  
  54  6:33  Pylon  
  54  6:35  Pylon  
  54  6:40  Pylon  
  48  7:49  Stalker x5  
  48  7:50  Stalker  
  52  8:22  Stalker x5  
  52  8:23  Stalker  
  47  8:54  Stalker x5  
  42  9:04  Adept  
  5  9:45  Stalker x3  
  9  9:46  Stalker x2  
  9  9:49  Stalker  
  17  10:23  Probe (Chrono Boost)  
  14  10:34  Mothership Core (Chrono Boost)  
  14  10:38  Stalker x6  
  9  12:12  Nexus  
  9  12:17  Probe (Chrono Boost)  
  9  12:48  Probe (Chrono Boost)  
Tags
 
League
Silver
Matchup
PvP
Spawn Locations
Cross Positions
Add a new tag
Caveats
  • Supply blocks, unpowered buildings, or Contaminate may cause inaccurate times.
  • Supply counts are checked every 10 seconds.